 Dungeon Crawl Stone Soup version 0.28-a0-804-g60983d4ba9 (webtiles) character file.

Game seed: 14978334822343045501

2 cheechan the Cudgeller (level 1, 0/21 HPs)
             Began as a Naga Monk on Nov 7, 2021.
             Slain by a kobold (2 damage)
             ... on level 1 of the Dungeon.
             The game lasted 00:00:28 (98 turns).

cheechan the Cudgeller (Naga Monk)                    Turns: 98, Time: 00:00:29

Health: 0/21       AC:  1    Str: 13    XL:     1   Next: 40%
Magic:  1/1        EV: 10    Int: 10    God:
Gold:   8          SH:  0    Dex: 13    Spells: 0/0 levels left

rFire   . . .      SeeInvis +   a - +0 mace
rCold   . . .      Faith    .   (no shield)
rNeg    . . .      Spirit   .   d - +0 leather armour
rPois   +          Reflect  .   (no helmet)
rElec   .          Harm     .   (no cloak)
rCorr   .          Rampage  .   (no gloves)
Will    .....                   (no barding)
Stlth   ++........              (no amulet)
HPRegen 0.07/turn               (no ring)
MPRegen 0.07/turn               (no ring)

@: short of breath, very slow
A: AC +0, large, see invisible, deformed body, poison resistance, slowness 2,
spit poison 1, naga tail 1
a: Spit Poison


You were on level 1 of the Dungeon.
You visited 1 branch of the dungeon, and saw 1 of its levels.

You collected 8 gold pieces.

Inventory:

Hand Weapons
 a - a +0 mace (weapon)
Armour
 d - a +0 leather armour (worn)
Potions
 c - a potion of might {unknown}


   Skills:
 + Level 3.0 Fighting
 + Level 3.1 Maces & Flails
 + Level 2.5 Dodging
 + Level 3.0 Stealth


You couldn't memorise any spells.
You didn't know any spells.
Your spell library was empty.

Dungeon Overview and Level Annotations

Branches:
Dungeon (1/15)

Altars:


Innate Abilities, Weirdness & Mutations

Your serpentine skin is tough. (AC +0)
You have supernaturally acute eyesight. (SInv)
Armour fits poorly on your strangely shaped body.
Your system is resistant to poisons. (rPois)
You cover ground very slowly.
You can spit poison.
You have a snake-like lower body.


Message History

You are frozen.
You completely miss the endoplasm.
The endoplasm is almost dead.
The endoplasm hits you but does no damage.
You hit the endoplasm.
You kill the endoplasm!
A kobold comes into view. It is wielding a +0 dagger.
Found a mace.
You see here a +0 mace.
A frilled lizard comes into view.
The kobold shouts!
The frilled lizard hisses angrily.
You barely miss the kobold. The kobold barely misses you. x2
You hit the kobold.
The kobold is heavily wounded.
The kobold closely misses you.
You miss the kobold.
The kobold is heavily wounded.
The kobold completely misses you.
You closely miss the kobold.
The kobold is heavily wounded.
The kobold hits you with a +0 dagger.
You barely miss the kobold.
The kobold is heavily wounded.
The kobold hits you with a +0 dagger.
* * * LOW HITPOINT WARNING * * *
The kobold closely misses you.
You barely miss the kobold.
The kobold is moderately wounded.
The kobold hits you with a +0 dagger.
* * * LOW HITPOINT WARNING * * *
You closely miss the kobold.
The kobold is moderately wounded.
The kobold hits you with a +0 dagger.
* * * LOW HITPOINT WARNING * * *
Abil: Spit Poison
Press: ? - help, Q - select action Shift-Dir - straight line, f - kobold
Aim: a kobold, wielding a +0 dagger (moderately wounded)
The splash of poison misses the kobold.
The kobold hits you with a +0 dagger.
You die...

### #.. ### #.# ##.##
#.######.#.#########.
#.......###..).......
#.######.#..#@#######
#.# ....###Kl.....
#.# #.#.#.# #######
####.#####.#.# .#
#.....)....#.# #
#.##..........
..###.######.# ..#
#.# .## #.#


You could see a kobold and a frilled lizard.

Vanquished Creatures
  An endoplasm (D:1)
  A goblin (D:1)
2 creatures vanquished.

Notes
Turn   | Place    | Note
-------+----------+-------------------------------------------
     0 | D:1      | cheechan the Naga Monk began the quest for the Orb.
     0 | D:1      | Reached XP level 1. HP: 21/21 MP: 1/1
    98 | D:1      | Slain by a kobold

Illustrated notes

Levels and vault maps discovered:
D:1:      lemuel_arrival_muddy, layout_loops_ring

Action                   || total
-------------------------++-------
Melee: Mace              ||    13
 Abil: Spit Poison       ||     1
Armor: Leather armour    ||     1
Dodge: Dodged            ||     6

Table legend: (Time is in decaauts)
 A = Elapsed time spent in this place.
 B = Non-inter-level travel time spent in this place.
 C = Inter-level travel time spent in this place.
 D = Time resting spent in this place.
 E = Time spent auto-exploring this place.
 F = Levels seen in this place.
 G = Mean time per level.
                   A        B        C        D        E       F      G
               +--------+--------+--------+--------+--------+-----+--------+
         Total |    136 |    136 |      0 |      0 |      0 |   1 |  136.0 |
       Dungeon |    136 |    136 |      0 |      0 |      0 |   1 |  136.0 |
               +--------+--------+--------+--------+--------+-----+--------+

Top non-repeatable levels by time:
     D:1: 136 daAuts
